 Dungeon Crawl Stone Soup version 0.26-a0-774-g1415c89e12 (webtiles) character file.

Game seed: 18155415159449298860

228 Kinoniko the Skirmisher (level 6, 0/68 HPs)
             Began as an Ogre Monk on Nov 9, 2020.
             Slain by an iguana (5 damage)
             ... on level 4 of the Dungeon.
             The game lasted 00:03:01 (3968 turns).

Kinoniko the Skirmisher (Ogre Monk)                 Turns: 3968, Time: 00:03:02

Health: 0/68       AC:  3    Str: 16    XL:     6   Next: 2%
Magic:  6/6        EV: 10    Int: 11    God:
Gold:   148        SH:  0    Dex: 13    Spells: 5/5 levels left

rFire    . . .     SeeInvis .   a - +0 hand axe
rCold    . . .     Faith    .   (no shield)
rNeg     . . .     Spirit   .   b - +0 robe
rPois    .         Reflect  .   (helmet restricted)
rElec    .         Harm     .   (no cloak)
rCorr    .         Rampage  .   (gloves unavailable)
MR       .....                  (boots unavailable)
Stlth    ++........             (no amulet)
HPRegen  0.21/turn              (no ring)
MPRegen  0.10/turn              (no ring)

@: hasted, very quick
A: large, unfitting armour, tough skin 1
a: no special abilities


You were on level 4 of the Dungeon.
You visited 1 branch of the dungeon, and saw 4 of its levels.

You collected 148 gold pieces.

Inventory:

Hand Weapons
 a - a +0 hand axe (weapon)
Armour
 b - a +0 robe (worn)
Jewellery
 j - a cursed ring of protection from cold
Scrolls
 f - a scroll of amnesia
Potions
 c - 3 potions of ambrosia
 d - a potion of haste
 h - a potion of attraction {unknown}
 k - a potion of magic {unknown}


   Skills:
 * Level 6.6 Fighting
 * Level 5.0 Axes
 - Level 2.6 Dodging
 - Level 1.4 Stealth


You had 5 spell levels left.
You didn't know any spells.
Your spell library was empty.

Dungeon Overview and Level Annotations

Branches:
Dungeon (4/15)
 Temple: D:4-7

Altars:

Annotations:
D:4 Ijyb


Innate Abilities, Weirdness & Mutations

You are too large for most types of armour.
You have tough skin. (AC +1)


Message History

Ijyb closely misses you.
You feel yourself speed up. The gnoll hits you but does no damage.
The iguana closely misses you. The gnoll barely misses you.
The gnoll hits you with a +0 flail! Ijyb hits you.
You hit the gnoll but do no damage. You barely miss Ijyb.
You barely miss the iguana. You hit the gnoll but do no damage.
The iguana completely misses you. The gnoll hits you with a +0 flail!
* * * LOW HITPOINT WARNING * * *
You hit the gnoll but do no damage. You hit the gnoll.
You barely miss the iguana. You closely miss Ijyb.
The gnoll hits you from afar with a +0 spear!
* * * LOW HITPOINT WARNING * * *
Ijyb hits you but does no damage. The gnoll hits you with a +0 flail.
* * * LOW HITPOINT WARNING * * *
Unknown command.
You hit the gnoll.
The gnoll is moderately wounded.
You hit Ijyb but do no damage. You hit the iguana but do no damage.
You hit the gnoll but do no damage. The iguana bites you.
You die...

..###.........
.....#.#.#.#.
............ $.
...#.#.#.#. ..#
#..........
#[.##.(/g....#
<.....lgg....#
#..#@gZ...#
#....######
#.........#
#..####.......#.#
#....<.......#
######.......#
#......(..#
#.#.......#
#........>#


You could see Ijyb, an iguana, 3 gnolls and an adder skeleton.

Vanquished Creatures
  Terence (D:2)
  Natasha (thrice) (D:2)
  A gnoll (D:3)
  3 adders
  2 oozes
  An adder skeleton (D:4)
  3 worms (D:2)
  A dart slug (D:2)
  2 leopard geckos
  4 orcs
  3 giant cockroaches
  10 hobgoblins
  5 kobolds
  A quokka (D:3)
  9 bats
  3 frilled lizards
  9 goblins
  8 rats
69 creatures vanquished.

Notes
Turn   | Place    | Note
-------+----------+-------------------------------------------
     0 | D:1      | Kinoniko the Ogre Monk began the quest for the Orb.
     0 | D:1      | Reached XP level 1. HP: 24/24 MP: 1/1
   161 | D:1      | Reached XP level 2. HP: 27/33 MP: 2/2
   635 | D:1      | Reached XP level 3. HP: 26/40 MP: 3/3
  1270 | D:2      | Reached skill level 5 in Fighting
  1399 | D:2      | Reached XP level 4. HP: 41/50 MP: 4/4
  1637 | D:2      | Noticed Terence
  1650 | D:2      | HP: 1/50 [Terence/+1 short sword of flaming (2)]
  1651 | D:2      | Killed Terence
  2019 | D:2      | Noticed Natasha
  2031 | D:2      | Killed Natasha
  2031 | D:2      | Reached XP level 5. HP: 22/59 MP: 5/5
  2775 | D:2      | Noticed Natasha
  2789 | D:2      | Killed Natasha
  2789 | D:2      | Reached skill level 6 in Fighting
  2884 | D:2      | Noticed Natasha
  2897 | D:2      | Killed Natasha
  3872 | D:3      | Reached skill level 5 in Axes
  3910 | D:4      | Reached XP level 6. HP: 61/68 MP: 6/6
  3945 | D:4      | Noticed Ijyb
  3968 | D:4      | Slain by an iguana

Illustrated notes

Levels and vault maps discovered:
D:1:      zelgadis_glass_arrival_small, layout_basic
D:2:      layout_basic, uniq_natasha, uniq_terence
D:3:      minmay_chambers_of_twos, layout_basic, minmay_misc_feat_alley
D:4:      layout_rooms, kennysheep_little_box, serial_co_window_serial,
          co_window_corner_a, co_window_corner_a, co_window_paths_b,
          co_window_paths_b, co_window_paths_b, co_window_cross_1,
          co_window_paths_a, co_window_corner_a, co_window_paths_a,
          co_window_corner_b, co_window_broadway_a, co_window_paths_c,
          glass_columns_b, glass_columns_b, glass_columns_c, glass_columns_c,
          ashenzari_altar_1, uniq_ijyb

Skill      XL: |  1  2  3  4  5 |
---------------+----------------+-----
Fighting       | 5 6 |  6.6
Axes           | 4 5 |  5.0
Dodging        | |  2.6
Stealth        | |  1.4

Action                   |  1- 3 |  4- 6 || total
-------------------------+-------+-------++-------
Melee: Hand axe          |   103 |   167 ||   270
  Use: Scroll            |       |     5 ||     5
       Potion            |       |     3 ||     3
 Stab: Sleeping          |       |     4 ||     4
       Distracted        |       |     1 ||     1
Armor: Robe              |    32 |    28 ||    60
Dodge: Dodged            |    64 |   101 ||   165

Table legend: (Time is in decaauts)
 A = Elapsed time spent in this place.
 B = Non-inter-level travel time spent in this place.
 C = Inter-level travel time spent in this place.
 D = Time resting spent in this place.
 E = Time spent auto-exploring this place.
 F = Levels seen in this place.
 G = Mean time per level.
                   A        B        C        D        E       F      G
               +--------+--------+--------+--------+--------+-----+--------+
         Total |   3997 |   3905 |     92 |   1299 |   2091 |   4 |  999.2 |
       Dungeon |   3997 |   3905 |     92 |   1299 |   2091 |   4 |  999.2 |
               +--------+--------+--------+--------+--------+-----+--------+

Top non-repeatable levels by time:
     D:2: 2020 daAuts
     D:1: 1177 daAuts
     D:3: 715 daAuts
     D:4: 83 daAuts
